 Dungeon Crawl Stone Soup version 0.23.2-1-ga50397a6bc (webtiles) character file.

Game seed: 16622905905280124641

6953 Devam the Fighter (level 10, -12/82 HPs)
             Began as a Mummy Necromancer on May 22, 2019.
             Was an Initiate of Gozag.
             Mangled by an orc warrior
             ... wielding a +0 dire flail
              (19 damage)
             ... on level 10 of the Dungeon.
             The game lasted 01:00:07 (13867 turns).

Devam the Fighter (Mummy Necromancer)              Turns: 13867, Time: 01:00:09

Health: -12/82     AC:  8    Str: 12    XL:     10   Next: 80%
Magic:  14/14      EV:  8    Int: 18    God:    Gozag
Gold:   404        SH: 19    Dex: 12    Spells: 4/15 levels left

rFire    + . .     SeeInvis .   a - +3 whip (flame)
rCold    . . .     Gourm    .   B - +7 large shield of Sloth {Slay+2}
rNeg     + + +     Faith    .   D - +2 robe {rF+}
rPois    ∞         Spirit   .   z - +1 hat
rElec    .         Reflect  .   (no cloak)
rCorr    .         Harm     .   f - +0 pair of gloves
MR       +....                  m - +0 pair of boots
Stlth    ++........             (no amulet)
HPRegen  0.23/turn              d - ring of fire
MPRegen  0.14/turn              (no ring)

@: no status effects
A: no food or potions, fire vulnerability, cold resistance 1, negative energy
resistance 3, torment resistance, unbreathing
a: Potion Petition, Call Merchant, Bribe Branch, Renounce Religion


You were on level 10 of the Dungeon.
You worshipped Gozag.
Gozag was aware of your devotion.
You were not hungry.

You visited 2 branches of the dungeon, and saw 11 of its levels.
You also visited: Sewer.

You collected 1681 gold pieces.
You spent 506 gold pieces at shops.
You paid 771 gold pieces to Gozag.

Inventory:

Hand Weapons
 a - a +3 whip of flaming (weapon)
 b - a +0 blowgun
Missiles
 e - 287 stones
 n - 37 poisoned needles
 r - 9 tomahawks (quivered)
 C - 8 curare-tipped needles
Armour
 f - a +0 pair of gloves (worn)
 g - a +0 buckler
 m - a +0 pair of boots (worn)
 p - a +1 leather armour of cold resistance
 u - a +1 chain mail of fire resistance
 w - a +2 robe of cold resistance
 z - a +1 hat (worn)
 B - the +7 large shield of Sloth (worn) {Slay+2}
   (You found it on level 9 of the Dungeon)

   It affects your accuracy and damage with ranged weapons and melee attacks
   (+2).
 D - a +2 robe of fire resistance (worn)
Jewellery
 d - a ring of fire (left hand)
 x - an uncursed ring of positive energy
Wands
 c - a wand of clouds (4)
 h - a wand of acid (4)
 o - a wand of disintegration (13)
 v - a wand of paralysis (6)
 y - a wand of random effects (13)
Scrolls
 i - 2 scrolls of enchant armour
 j - 8 scrolls of identify
 k - a scroll of magic mapping
 l - a scroll of fear
 q - 3 scrolls of teleportation
 s - a scroll of blinking
 t - a scroll of amnesia
 A - a scroll of enchant weapon
 E - a scroll of immolation


   Skills:
 - Level 8.6 Fighting
 - Level 3.4 Maces & Flails
 - Level 5.9 Armour
 - Level 2.5 Dodging
 - Level 1.5 Stealth
 + Level 4.0 Shields
 - Level 3.0 Spellcasting
 - Level 3.4 Conjurations
 - Level 3.4 Charms
 - Level 7.3 Necromancy
 - Level 3.5 Air Magic


You had 4 spell levels left.
You knew the following spells:

 Your Spells              Type           Power        Failure   Level  Hunger
a - Pain                  Necr           ####         12%         1    N/A
b - Vampiric Draining     Necr           ####......   34%         3    N/A
c - Shock                 Conj/Air       ###.         50%         1    N/A
d - Swiftness             Chrm/Air       ###.....     65%         2    N/A
e - Airstrike             Air            ###.......   99%         4    N/A

Your spell library contained the following spells:

 Spells                   Type           Power        Failure   Level  Hunger
 Animate Skeleton         Necr           N/A          12%         1    N/A
 Animate Dead             Necr           N/A          75%         4    N/A
 Static Discharge         Conj/Air       ###.....     86%         3    N/A
 Summon Small Mammal      Summ           #...         94%         1    N/A
 Call Imp                 Summ           #.......     98%         2    N/A
 Call Canine Familiar     Summ           #.......     100%        3    N/A
 Summon Guardian Golem    Hex/Summ       #.......     100%        3    N/A
 Summon Ice Beast         Ice/Summ       #.......     100%        4    N/A
 Summon Lightning Spire   Summ/Air       #.......     100%        4    N/A
 Lightning Bolt           Conj/Air       ###.......   100%        5    N/A
 Regeneration             Chrm/Necr      Unusable     N/A         3    N/A

Dungeon Overview and Level Annotations

Branches:
Dungeon (10/15)            Temple (1/1) D:4            Lair (0/6) D:9
    Orc (0/2) D:10

Altars:
Ashenzari
Cheibriados
Elyvilon
Gozag
Kikubaaqudgha
Makhleb
Qazlal
Trog
Uskayaw
Vehumet
Wu Jian
Yredelemnul
Zin
The Shining One

Shops:
D:6 [   D:7 =

Annotations:
D:9 exclusions: death yak and downstairs
D:10 Snorg


Innate Abilities, Weirdness & Mutations

You do not eat or drink.
Your flesh is vulnerable to fire.
You are immune to poison.
Your flesh is cold resistant. (rC+)
You are immune to negative energy. (rN+++)
You are immune to unholy pain and torment.
You can survive without breathing.


Message History

You barely miss the orc warrior.
The orc warrior is almost dead.
You block the orc warrior's attack. x2; You block the orc's attack.
The orc warrior hits you from afar with a +0 trident!
You hit the orc warrior. You burn the orc warrior.
The orc warrior is almost dead.
You block the orc warrior's attack.
You closely miss the orc warrior.
The orc warrior is almost dead.
The orc warrior hits you from afar with a +0 trident!
* * * LOW HITPOINT WARNING * * *
You block the orc's attack. You block the orc warrior's attack.
You completely miss the orc warrior.
The orc warrior is almost dead.
The orc warrior hits you from afar with a +0 trident!
* * * LOW HITPOINT WARNING * * *
You block the orc's attack.
The orc warrior hits you with a +0 dire flail!!
You die...
Your body crumbles into a pile of gold.

........# ........#
.o......# ........#
.......## ......##
####### ### ###
#8###.###8###8#######
...#...#...#...#@≈≈≈#
.........).....#oo≈§#
.........).....o..>≈#
...............#..§§#
)..#...#...#...#.≈≈≈#
#8###8###8###.#######
### ### ### ###


You could see 2 orc warriors and an orc.

Vanquished Creatures
  A two-headed ogre (D:10)
  Nergalle (D:10)
  Pikel (D:7)
  Psyche (D:10)
  A hornet (D:10)
  A spriggan (D:7)
  2 wyverns
  Duvessa (D:7)
  A water moccasin (D:10)
  3 orc warriors
  2 ice beasts
  3 slaves (D:7)
  2 black bears
  2 sky beasts
  An eye of draining (D:8)
  A phantom (D:4)
  9 ogres
  3 centaurs
  2 big kobolds
  6 bullfrogs
  2 scorpions
  Dowan (D:7)
  3 howler monkeys (D:8)
  4 crimson imps
  A centaur zombie (D:5)
  2 bullfrog skeletons
  A bullfrog zombie (D:10)
  3 hounds
  5 orc priests
  2 jellies
  7 orc wizards
  2 iguanas
  3 worker ants
  A hound zombie (D:9)
  A hound skeleton (D:4)
  2 worker ant zombies (D:7)
  14 adders
  3 river rats
  4 shadow imps
  An ooze (D:2)
  2 adder zombies
  3 adder skeletons
  3 worms
  10 leopard geckos
  40 orcs
  3 ball pythons
  8 giant cockroaches
  16 goblins
  10 hobgoblins
  21 jackals
  6 quokkas
  7 bats
  9 frilled lizards
  20 kobolds
  4 leopard gecko skeletons
  2 quokka skeletons
  13 rats
  2 withered plants (D:4)
285 creatures vanquished.

Notes
Turn   | Place    | Note
-------+----------+-------------------------------------------
     0 | D:1      | Devam the Mummy Necromancer began the quest for the Orb.
     0 | D:1      | Reached XP level 1. HP: 13/13 MP: 4/4
   103 | D:1      | Reached XP level 2. HP: 16/19 MP: 2/5
   560 | D:1      | Reached skill level 5 in Necromancy
   566 | D:1      | Reached XP level 3. HP: 24/24 MP: 5/7
   709 | D:1      | Learned a level 3 spell: Vampiric Draining
  1062 | D:2      | Reached XP level 4. HP: 19/30 MP: 5/8
  1430 | D:2      | Learned a level 4 spell: Animate Dead
  1954 | D:2      | Reached XP level 5. HP: 27/35 MP: 3/9
  2155 | D:3      | Found a glowing silver altar of Zin.
  2156 | D:3      | Noticed an angel
  2450 | D:3      | Found a glowing drain.
  2466 | Sewer    | Entered a sewer
  2627 | Sewer    | Reached XP level 6. HP: 40/41 MP: 2/10
  2746 | Sewer    | Found a white marble altar of Elyvilon.
  3240 | D:3      | Reached skill level 1 in Fighting
  3571 | D:4      | Found an ancient bone altar of Kikubaaqudgha.
  3612 | D:4      | Reached skill level 2 in Fighting
  4254 | D:4      | Reached skill level 1 in Maces & Flails
  4631 | D:4      | Reached XP level 7. HP: 51/51 MP: 11/11
  4690 | D:4      | Found a staircase to the Ecumenical Temple.
  4696 | Temple   | Entered the Ecumenical Temple
  4772 | Temple   | Became a worshipper of Gozag Ym Sagoz the Greedy
  4991 | D:4      | Reached skill level 3 in Fighting
  5495 | D:5      | Entered Level 5 of the Dungeon
  5689 | D:5      | Reached skill level 4 in Fighting
  5828 | D:5      | Reached skill level 5 in Fighting
  6025 | D:5      | Reached skill level 1 in Shields
  6114 | D:5      | Reached XP level 8. HP: 41/62 MP: 12/12
  6477 | D:5      | Found a glowing golden altar of the Shining One.
  6837 | D:6      | Found Gaotarel's Armour Boutique.
  6852 | D:6      | Bought a +1 chain mail of fire resistance for 231 gold
                  | pieces
  6979 | D:6      | Learned a level 1 spell: Shock
  6982 | D:6      | Learned a level 2 spell: Swiftness
  6987 | D:6      | Learned a level 4 spell: Airstrike
  7127 | D:6      | Reached skill level 1 in Armour
  7149 | D:6      | Found a stormy altar of Qazlal.
  7395 | D:7      | Noticed Dowan
  7395 | D:7      | Noticed Duvessa
  7412 | D:7      | Found a bloodstained altar of Trog.
  7688 | D:7      | Killed Dowan
  7718 | D:7      | Killed Duvessa
  7718 | D:7      | Reached XP level 9. HP: 68/68 MP: 13/13
  7769 | D:7      | Found a radiant altar of Vehumet.
  7770 | D:7      | Found a burning altar of Makhleb.
  7988 | D:7      | Noticed Pikel
  8003 | D:7      | Killed Pikel
  8003 | D:7      | Reached skill level 5 in Armour
  8291 | D:7      | Found Nosaw's Jewellery Boutique.
  8396 | D:7      | Bought an uncursed ring of fire for 275 gold pieces
  8638 | D:8      | Reached skill level 1 in Air Magic
  8711 | D:8      | Reached skill level 1 in Conjurations
  8711 | D:8      | Reached skill level 1 in Charms
  9081 | D:8      | Found a white marble altar of Elyvilon.
  9546 | D:9      | Found a shattered altar of Ashenzari.
  9900 | D:9      | Got a pitted large shield
  9901 | D:9      | Identified the +7 large shield of Sloth {Slay+2} (You found
                  | it on level 9 of the Dungeon)
 10195 | D:9      | Found a staircase to the Lair.
 10195 | D:9      | Noticed a death yak
 10195 | D:9      | Noticed a death yak
 10574 | D:9      | Reached XP level 10. HP: 72/74 MP: 14/14
 10660 | D:9      | Found a hide-covered altar of Uskayaw.
 11126 | D:10     | Entered Level 10 of the Dungeon
 11602 | D:10     | Noticed a two-headed ogre
 11619 | D:10     | Killed a two-headed ogre
 11722 | D:10     | Noticed Psyche
 12016 | D:10     | Noticed Nergalle
 12041 | D:10     | Killed Nergalle
 12041 | D:10     | Reached skill level 6 in Fighting
 12418 | D:9      | Noticed a death yak
 12461 | D:10     | Killed Psyche
 12461 | D:10     | Reached skill level 7 in Fighting
 12719 | D:10     | Noticed Snorg
 13377 | D:10     | Reached skill level 8 in Fighting
 13787 | D:10     | Found a staircase to the Orcish Mines.
 13867 | D:10     | Mangled by an orc warrior

Skill      XL: |  1  2  3  4  5  6  7  8  9 10 |
---------------+-------------------------------+-----
Necromancy     | 5 6 7 |  7.3
Fighting       | 2 5 8 |  8.6
Maces & Flails | 2 3 |  3.4
Shields        | 2 4 |  4.0
Dodging        | 2 |  2.5
Armour         | 4 5 |  5.9
Air Magic      | 2 3 |  3.5
Conjurations   | 2 3 |  3.4
Charms         | 2 3 |  3.4
Spellcasting   | 3 |  3.0
Stealth        | |  1.5

Action                   |  1- 3 |  4- 6 |  7- 9 | 10-12 || total
-------------------------+-------+-------+-------+-------++-------
Melee: Dagger            |    69 |   207 |       |       ||   276
       Unarmed           |     1 |       |       |       ||     1
       Whip              |       |    82 |   470 |   225 ||   777
Throw: Stone             |       |    50 |     8 |       ||    58
       Tomahawk          |       |       |     5 |     1 ||     6
 Cast: Pain              |    36 |    85 |   100 |    28 ||   249
       Vampiric Draining |     1 |     2 |    11 |    23 ||    37
       Shock             |       |       |    17 |    48 ||    65
       Swiftness         |       |       |     1 |       ||     1
Invok: Potion Petition   |       |       |     2 |     1 ||     3
Evoke: Wand              |       |       |    13 |       ||    13
  Use: Scroll            |       |     6 |     6 |     3 ||    15
 Stab: Sleeping          |     3 |     5 |     2 |       ||    10
       Distracted        |       |       |       |     1 ||     1
Armor: Robe              |    14 |    54 |    49 |    98 ||   215
       Chain mail        |       |       |    92 |       ||    92
       Skin              |       |       |       |     1 ||     1
Dodge: Dodged            |    46 |   144 |   161 |   110 ||   461
Block: Buckler           |       |       |    65 |    62 ||   127
       Large shield      |       |       |       |    20 ||    20
